 Dungeon Crawl Stone Soup version 0.18.1-47-g9310371 (webtiles) character file.

86 zervinho the Sneak (level 4, 0/21 HPs)
             Began as a Spriggan Enchanter on June 21, 2016.
             Succumbed to an orc's poison
             ... on level 3 of the Dungeon.
             The game lasted 00:10:24 (2137 turns).

zervinho the Sneak (Spriggan Enchanter)             Turns: 2137, Time: 00:10:25

Health: 0/21       AC:  3    Str:  4    XL:     4   Next: 27%
Magic:  6/9        EV: 18    Int: 17    God:
Gold:   224        SH:  0    Dex: 16    Spells: 3 memorised, 2 levels left

rFire  . . .     SeeInvis +     f - +1 spear (venom)
rCold  . . .     Gourm    .     b - +1 robe
rNeg   . . .     Faith    .     (shield currently unavailable)
rPois  .         Spirit   .     (helmet restricted)
rElec  .         Dismiss  .     (no cloak)
rCorr  +         Reflect  .     (gloves unavailable)
SustAt .         Harm     .     (boots unavailable)
MR     .....                    (no amulet)
Stlth  +++++.....               p - ring of stealth
                                m - ring of resist corrosion

@: lethally poisoned (0 -> -7), very quick, not resistant to hostile
enchantments, quite stealthy
A: unfitting armour, see invisible, herbivore 3, speed 3, slow metabolism 2
a: no special abilities


You were on level 3 of the Dungeon.
You were not hungry.

You visited 1 branch of the dungeon, and saw 3 of its levels.

You collected 224 gold pieces.

Inventory:

Hand Weapons
 a - a +1 dagger
 f - a +1 spear of venom (weapon)
Missiles
 g - 7 curare-tipped needles
Armour
 b - a +1 robe (worn)
Jewellery
 m - a ring of resist corrosion (left hand)
 p - a ring of stealth (right hand)
Scrolls
 h - a scroll of remove curse
 i - a scroll of enchant armour {unknown}
 j - a scroll of fog {unknown}
 n - a scroll of blinking {unknown}
 o - a scroll of enchant weapon {unknown}
 r - a scroll of random uselessness {unknown}
Potions
 e - a potion of heal wounds {unknown}
 k - 3 potions of lignification {unknown}
 l - a potion of mutation {unknown}
 q - a potion of curing {unknown}
Books
 c - a book of Maledictions

   Spells                             Type                      Level
   a - Corona                         Hexes                        1
   b - Ensorcelled Hibernation        Hexes/Ice                    2
   c - Confuse                        Hexes                        3
   d - Tukima's Dance                 Hexes                        3
   e - Dazzling Spray                 Conjuration/Hexes            3
Comestibles
 d - 2 bread rations


   Skills:
 + Level 3.3 Short Blades
 - Level 3.0 Dodging
 + Level 6.3 Stealth
 - Level 2.6 Spellcasting
 - Level 3.6 Hexes


You had 2 spell levels left.
You knew the following spells:

 Your Spells              Type           Power        Failure   Level  Hunger
a - Corona                Hex            ##.....      4%          1    #......
b - Confuse               Hex            ##......     14%         3    ###....
c - Ensorcelled Hibernat  Hex/Ice        #.....       17%         2    ##.....


Dungeon Overview and Level Annotations

Branches:
Dungeon (3/15)

Altars:


Innate Abilities, Weirdness & Mutations

You are tiny and cannot use many weapons and most armour.
You have supernaturally acute eyesight.
You are a herbivore.
You cover ground extremely quickly.
You need consume almost no food.


Message History

The orc completely misses you.
You hit the orc.
You kill the orc!
You feel sick.
Casting: Corona
Confirm with . or Enter, or press ? or * to list all spells.
Aiming: Corona
Press: ? - help, Shift-Dir - straight line, f - orc
Aim: an orc, wielding a war axe and wearing a scale mail (chance to defeat MR: 84%)
The orc is outlined in light.
You feel sick. The orc closely misses you.
You hit the orc.
The orc is poisoned.
The orc is lightly wounded.
You feel sick. The orc hits you with a war axe!
* * * LOW HITPOINT WARNING * * *
You barely miss the orc.
The orc is lightly wounded.
The orc closely misses you.
You hit the orc.
The orc looks even sicker.
The orc is almost dead.
You die...

.......#########
...............#######
......................
.........#####.######
.........# #.#
.........#####.##
#.####.#........# #
#.####.#.#####..####....
......(..# #....@o...#
.......### #.#..###..#
.####..# #.#..# # #..#
#..... #).# #..#.## #..#
#..#.# #..# #..... ...#
#...#. ....#


You could see an orc.

Vanquished Creatures
  A gnoll (D:1)
  2 adders (D:2)
  A worm (D:2)
  A dart slug (D:2)
  A giant gecko (D:2)
  4 orcs (D:3)
  2 giant cockroaches (D:1)
  9 goblins
  4 hobgoblins
  4 jackals (D:1)
  A quokka (D:2)
  2 bats
  3 giant newts
  7 kobolds
  6 rats
48 creatures vanquished.

Notes
Turn   | Place    | Note
--------------------------------------------------------------
     0 | D:1      | zervinho the Spriggan Enchanter began the quest for the Orb.
     0 | D:1      | Reached XP level 1. HP: 9/9 MP: 5/5
    30 | D:1      | Reached XP level 2. HP: 13/13 MP: 6/6
    84 | D:1      | Reached skill level 5 in Stealth
   261 | D:1      | Reached XP level 3. HP: 14/16 MP: 6/8
  1637 | D:2      | Reached skill level 6 in Stealth
  1796 | D:2      | Reached XP level 4. HP: 18/21 MP: 9/9
  1874 | D:2      | Learned a level 3 spell: Confuse
  1877 | D:2      | Learned a level 2 spell: Ensorcelled Hibernation
  2135 | D:3      | HP: 1/21 [orc/war axe (7)]
  2137 | D:3      | Succumbed to an orc's poison

Skill      XL: |  1  2  3 |
---------------+----------+-----
Short Blades   | 2 3 |  3.3
Stealth        | 5 6 |  6.3
Dodging        | |  3.0
Spellcasting   | |  2.6
Hexes          | |  3.6

Action                   |  1- 3 |  4- 6 || total
-------------------------+-------+-------++-------
Melee: Dagger            |    35 |    12 ||    47
       Spear             |    51 |    21 ||    72
 Cast: Corona            |    13 |     6 ||    19
       Ensorcelled Hiber |       |     2 ||     2
  Use: Scroll            |       |     3 ||     3
 Stab: Sleeping          |     6 |     5 ||    11
Armor: Robe              |     4 |     3 ||     7
Dodge: Dodged            |    57 |    17 ||    74
